 Dungeon Crawl Stone Soup version 0.17-a0-2069-g0f4ee5b (webtiles) character file.

3260 4thArraOfDagon the Cleaver (level 9, -6/80 (81) HPs)
             Began as a Minotaur Gladiator on Oct 13, 2015.
             Was a Believer of the Shining One.
             Mangled by a cyan ugly thing (17 damage)
             ... on level 11 of the Dungeon.
             The game lasted 00:13:36 (2423 turns).

4thArraOfDagon the Cleaver (Minotaur Gladiator)     Turns: 2423, Time: 00:13:36

HP:   -6/80 (81)    AC: 14    Str: 19    XL:     9   Next: 68%
MP:   19/19         EV:  7    Int:  8    God:    the Shining One [**....]
Gold: 178           SH:  0    Dex: 12    Spells: 0 memorised, 8 levels left

rFire  . . .     SeeInvis .     b - +1 battleaxe (freeze) (curse)
rCold  . . .     Clarity  .     h - +0 plate armour
rNeg   + . .     SustAt   .     (no shield)
rPois  .         Gourm    .     c - +1 hat
rElec  .         Spirit   .     (no cloak)
rCorr  .         Warding  .     (no gloves)
rMut   .         Stasis   .     (no boots)
MR     .....                    d - amulet of regeneration
Stlth  ..........               (no ring)
                                r - ring of magical power

@: glowing, not resistant to hostile enchantments, extremely unstealthy
A: retaliatory headbutt, horns 2
a: Divine Shield, Renounce Religion


You were on level 11 of the Dungeon.
You worshipped the Shining One.
The Shining One was pleased with you.
You were not hungry.

You visited 2 branches of the dungeon, and saw 11 of its levels.

You collected 298 gold pieces.
You spent 120 gold pieces at shops.

Inventory:

Hand Weapons
 b - a cursed +1 battleaxe of freezing (weapon)
Armour
 c - a +1 hat (worn)
 h - a +0 plate armour (worn)
Jewellery
 d - an amulet of regeneration (around neck)
 r - a ring of magical power (left hand)
Wands
 g - a wand of flame (12)
 l - a wand of slowing (17)
Scrolls
 i - a scroll of enchant weapon
 j - 2 scrolls of enchant armour
 o - 3 scrolls of remove curse
 q - a scroll of identify
Potions
 k - a potion of flight
Miscellaneous
 a - a fan of gales
Comestibles
 e - 6 bread rations
 f - 2 fruits
 m - 2 meat rations
 p - a royal jelly


   Skills:
 + Level 7.9 Fighting
 * Level 11.2 Axes
 - Level 2.0 Throwing
 + Level 7.0 Armour
 - Level 3.2 Dodging
 + Level 3.9 Invocations
 + Level 3.1 Evocations


You had 8 spell levels left.
You didn't know any spells.

Dungeon Overview and Level Annotations

Branches:
Dungeon (11/15)            Temple (1/1) D:7
   Lair: D:8-11         Orc: D:9-12

Altars:
Ashenzari
Cheibriados
Dithmenos
Elyvilon
Fedhas
Kikubaaqudgha
Makhleb
Nemelex Xobeh
Okawaru
Qazlal
Ru
Sif Muna
Vehumet
Xom
Yredelemnul
Zin
The Shining One

Shops:
D:6 *   D:8 }

Annotations:
D:4 Grinder
D:10 pk666's ghost, novice MiFi


Innate Abilities, Weirdness & Mutations

You reflexively headbutt those who attack you in melee.
You have a pair of horns on your head.


Message History

The water moccasin bites you but does no damage.
Unknown command.
Unknown command.
The orc barely misses you.
Unknown command.
The gnoll sergeant shouts!
The orc hits you with a hand axe.
The orc priest invokes the aid of Beogh against you.
Something smites you!
Unknown command.
The water moccasin bites you but does no damage.
The orc priest mumbles some strange prayers to Beogh against you.
Something smites you!
* * * LOW HITPOINT WARNING * * *
Unknown command.
Unknown command.
The cyan ugly thing tail-slaps you!
* * * LOW HITPOINT WARNING * * *
The cyan ugly thing shocks you!
You die...

##.............
##..............
##...............
##...............
##............?..
##...............
##................
##.................
##...S@.............
##...ou..............
##.....o..g...........
##....o...............)
##.....................
#.....................
#.....................
#....................
#...................


You could see a cyan ugly thing, a water moccasin, a gnoll sergeant, an orc
priest, an orc wizard and an orc.

Vanquished Creatures
  Sigmund (D:6)
  A trapdoor spider (D:11)
  Menkaure (D:7)
  A hungry ghost (D:8)
  2 sky beasts
  2 ice beasts
  3 necrophages
  3 orc warriors
  2 phantoms
  A centaur (D:10)
  4 ogres
  3 giant frogs
  2 scorpions
  4 wights
  A centaur zombie (D:8)
  A hound (D:10)
  3 crimson imps
  A jelly (D:7)
  3 orc priests (D:6)
  2 iguanas
  2 giant frog skeletons
  5 orc wizards
  4 worker ants
  2 hound zombies (D:7)
  2 adders (D:7)
  2 gnolls (D:10)
  3 shadow imps
  18 orcs
  A giant cockroach (D:8)
  A hobgoblin (D:1)
  3 quokkas
  A giant newt (D:7)
  A quokka zombie (D:8)
86 creatures vanquished.

Vanquished Creatures (others)
  A hound (D:4)
  2 giant newts (D:4)
3 creatures vanquished.

Grand Total: 89 creatures vanquished

Notes
Turn   | Place    | Note
--------------------------------------------------------------
     0 | D:1      | 4thArraOfDagon the Minotaur Gladiator began the quest for the Orb.
     0 | D:1      | Reached XP level 1. HP: 18/18 MP: 0/0
    81 | D:2      | You fall through a shaft for 2 floors!
   138 | D:4      | Noticed Grinder
   193 | D:4      | Noticed an ogre
   199 | D:4      | Noticed a phantom
   199 | D:4      | Killed an ogre
   199 | D:4      | Reached skill level 5 in Axes
   199 | D:4      | Reached XP level 2. HP: 24/26 MP: 1/1
   199 | D:4      | Reached XP level 3. HP: 28/31 MP: 2/2
   199 | D:4      | Reached XP level 4. HP: 34/38 MP: 3/3
   200 | D:4      | Paralysed by Grinder for 2 turns
   208 | D:4      | Killed a hound
   215 | D:5      | Entered Level 5 of the Dungeon
   243 | D:5      | Noticed a necrophage
   251 | D:5      | Killed a necrophage
   251 | D:5      | Reached XP level 5. HP: 35/45 MP: 4/4
   311 | D:5      | Noticed an ogre
   325 | D:6      | Noticed Sigmund
   331 | D:6      | Reached skill level 6 in Axes
   338 | D:6      | Killed Sigmund
   338 | D:6      | Reached XP level 6. HP: 38/52 MP: 5/5
   350 | D:6      | Noticed a sky beast
   362 | D:6      | Killed a sky beast
   362 | D:6      | Reached skill level 7 in Axes
   387 | D:6      | Reached skill level 5 in Fighting
   387 | D:6      | Reached XP level 7. HP: 21/60 MP: 6/6
   474 | D:6      | Found a basalt altar of Yredelemnul.
   639 | D:6      | Noticed an ogre
   646 | D:6      | Killed an ogre
   661 | D:6      | Found Iwoyckud's Assorted Antiques.
   666 | D:6      | Bought a fizzy green potion for 28 gold pieces
   666 | D:6      | Bought a scroll labeled OKHEWAAC TOUMO for 32 gold pieces
   666 | D:6      | Bought a scroll labeled ULACZU MEXUS for 32 gold pieces
   666 | D:6      | Bought a bubbling golden potion for 28 gold pieces
   749 | D:7      | Reached skill level 8 in Axes
   749 | D:7      | Reached skill level 5 in Armour
   818 | D:7      | Found a staircase to the Ecumenical Temple.
   827 | Temple   | Entered the Ecumenical Temple
   848 | Temple   | Became a worshipper of the Shining One
   910 | D:8      | Reached XP level 8. HP: 67/69 MP: 7/7
   959 | D:8      | Reached skill level 9 in Axes
  1036 | D:8      | Reached skill level 1 in Invocations
  1040 | D:8      | Gained mutation: Potions and wands are less effective at restoring your health. [mutagenic meat]
  1041 | D:8      | Gained mutation: You are frail (-10% HP). [mutagenic meat]
  1042 | D:8      | Gained mutation: Armour fits poorly on your strangely shaped body. [mutagenic meat]
  1043 | D:8      | Gained mutation: You occasionally shout uncontrollably at your foes. [mutagenic meat]
  1093 | D:9      | Found a snail-covered altar of Cheibriados.
  1156 | D:10     | Entered Level 10 of the Dungeon
  1156 | D:10     | Noticed pk666's ghost (novice MiFi)
  1173 | D:9      | Lost mutation: You are frail (-10% HP). [potion of cure mutation]
  1173 | D:9      | Lost mutation: You occasionally shout uncontrollably at your foes. [potion of cure mutation]
  1173 | D:9      | Lost mutation: Potions and wands are less effective at restoring your health. [potion of cure mutation]
  1173 | D:9      | Lost mutation: Armour fits poorly on your strangely shaped body. [potion of cure mutation]
  1208 | D:11     | Noticed a troll
  1214 | D:11     | Noticed a gargoyle
  1431 | D:9      | Reached skill level 10 in Axes
  1439 | D:9      | Reached skill level 1 in Evocations
  1479 | D:9      | Reached * piety under the Shining One
  1537 | D:9      | Reached XP level 9. HP: 75/78 MP: 9/9
  1709 | D:7      | Noticed Menkaure
  1718 | D:7      | Killed Menkaure
  1951 | D:7      | Reached ** piety under the Shining One
  2050 | D:8      | Found Ateck's Gadget Shop.
  2093 | D:8      | Reached skill level 11 in Axes
  2238 | D:11     | Noticed a hill giant
  2275 | D:11     | :(
  2405 | D:11     | Noticed a cyan ugly thing
  2423 | D:11     | Mangled by a cyan ugly thing

Vault maps used:
D:1:      matt_arrival_los_fun
D:2:      amethyst_overflow_temple_binary, uniq_natasha
D:4:      xom_confusion_cloud, uniq_grinder
D:5:      kennysheep_big_flooded_room, basic_altar, serial_shops,
          kennysheep_mini_moat, first_bread, grunt_ministairs_2,
          corexii_item_surrounded_by_moat, uniq_blork_the_orc
D:6:      basic_altar, serial_shops, kennysheep_little_box, uniq_sigmund,
          uniq_pikel
D:7:      lemuel_temple_firewalk_marked, uniq_crazy_yiuf_cottage, uniq_menkaure
D:8:      david_lair_shrubbed, serial_shops, shop, uniq_prince_ribbit1
D:9:      nicolae_gozag_seed_capital, basic_altar
D:10:     hangedman_fish_farm, nrook_loot_triangle
Temple:   lightli_temple_of_artemis

Action                   |  1- 3 |  4- 6 |  7- 9 || total
-------------------------+-------+-------+-------++-------
Melee: War axe           |     3 |    19 |    94 ||   116
       Battleaxe         |       |       |   136 ||   136
Throw: Throwing net      |     1 |     8 |     3 ||    12
  Use: Scroll            |       |       |    11 ||    11
       Potion            |       |       |     2 ||     2
 Stab: Held in net/web   |       |     2 |     1 ||     3
  Eat: Beef jerky        |       |     1 |       ||     1
       Chunk             |       |       |    12 ||    12
       Fruit             |       |       |     2 ||     2
